| TOP OF THE 1ST |
|
Charlotte Knights batting - Pitching for Norfolk Tides : RHP John Piccola
|
|
Pitching: RHP John Piccola
|
|
|
Batting: LHB Dustin Taylor
|
0-0: Ball 1-0: Called Strike 1-1: Swinging Strike 1-2: Ball 2-2: Foul Ball, location: 2F 2-2: Foul Ball, location: 2F 2-2: Ball 3-2: Strikes out looking
|
|
Batting: LHB Angel Tellez
|
0-0: Ball 1-0: Ball 2-0: Called Strike 2-1: Swinging Strike 2-2: Strikes out swinging
|
|
Batting: LHB John Thurman
|
0-0: Called Strike 0-1: Called Strike 0-2: Ball 1-2: Ball 2-2: Strikes out swinging
|
| Top of the 1st over - 0 runs, 0 hits, 0 errors, 0 left on base; Charlotte 0 - Norfolk 0 |
| BOTTOM OF THE 1ST |
|
Norfolk Tides batting - Pitching for Charlotte Knights : LHP Josh Turner
|
|
Pitching: LHP Josh Turner
|
|
|
Batting: SHB Marvin Garcia
|
0-0: Called Strike 0-1: Ball 1-1: Ball 2-1: SINGLE (Groundball, 56D, EV 95.0 MPH)
|
|
Batting: RHB John Gray
|
0-0: Ball 1-0: Fly out, F3 (Popup, 23F, EV 84.4 MPH)
|
|
Batting: SHB Ben Pierce
|
0-0: Ball 1-0: Foul Ball, location: 2F 1-1: Fly out, F9 (Flyball, 9LM, EV 96.9 MPH)
|
|
Batting: RHB Michel Kamphuis
|
0-0: Foul Ball, location: 2F 0-1: Foul Ball, location: 2F 0-2: Ball 1-2: Ball 2-2: Fielders Choice at 2nd, 5-4 (Groundball, 56, EV 105.6 MPH)
|
| Bottom of the 1st over - 0 runs, 1 hit, 0 errors, 1 left on base; Charlotte 0 - Norfolk 0 |
| TOP OF THE 2ND |
|
Charlotte Knights batting - Pitching for Norfolk Tides : RHP John Piccola
|
|
Batting: LHB Larry Myers
|
0-0: Ball 1-0: Foul Ball, location: 2F 1-1: Called Strike 1-2: Foul Ball, location: 2F 1-2: Foul Ball, location: 2F 1-2: Ground out 6-3 (Groundball, 6, EV 101.2 MPH)
|
|
Batting: LHB Matt Hyde
|
0-0: Called Strike 0-1: Foul Ball, location: 2F 0-2: Ball 1-2: Ground out 4-3 (Groundball, 34, EV 76.2 MPH)
|
|
Batting: RHB Mike Warzecha
|
0-0: Foul Ball, location: 2F 0-1: Ball 1-1: Foul Ball, location: 2F 1-2: SINGLE (Flyball, 4MD, EV 90.0 MPH)
|
|
Batting: RHB Micah Brown
|
0-0: Called Strike 0-1: Ground out 4-3 (Groundball, 4S, EV 92.5 MPH)
|
| Top of the 2nd over - 0 runs, 1 hit, 0 errors, 1 left on base; Charlotte 0 - Norfolk 0 |
| BOTTOM OF THE 2ND |
|
Norfolk Tides batting - Pitching for Charlotte Knights : LHP Josh Turner
|
|
Batting: RHB Ken Jenkins
|
0-0: Foul Ball, location: 2F 0-1: Ball 1-1: Ball 2-1: Ball 3-1: Fly out, F4 (Popup, 3S, EV 76.2 MPH)
|
|
Batting: RHB Mike Hayward
|
0-0: Ball 1-0: Foul Ball, location: 2F 1-1: Ball 2-1: Called Strike 2-2: Ground out 6-3 (Groundball, 6, EV 87.5 MPH)
|
|
Batting: RHB Kory Sanchez
|
0-0: Ball 1-0: Foul Ball, location: 2F 1-1: Called Strike 1-2: DOUBLE (Line Drive, 3D, EV 96.2 MPH)
|
|
Batting: RHB Mario Saez
|
0-0: Called Strike 0-1: Ground out 6-3 (Groundball, 6, EV 80.6 MPH)
|
| Bottom of the 2nd over - 0 runs, 1 hit, 0 errors, 1 left on base; Charlotte 0 - Norfolk 0 |
| TOP OF THE 3RD |
|
Charlotte Knights batting - Pitching for Norfolk Tides : RHP John Piccola
|
|
Batting: RHB Jose Medina
|
0-0: Ball 1-0: Called Strike 1-1: Foul Ball, location: 2F 1-2: Strikes out swinging
|
|
Batting: RHB John Iddings
|
0-0: Ball 1-0: Called Strike 1-1: Foul Ball, location: 2F 1-2: Ground out 1-3 (Groundball, 13, EV 71.9 MPH)
|
|
Batting: LHB Dustin Taylor
|
0-0: Ball 1-0: Ball 2-0: Called Strike 2-1: Ball 3-1: Base on Balls
|
|
Batting: LHB Angel Tellez
|
0-0: Foul Ball, location: 2F 0-1: Ball 1-1: Ball 2-1: Fly out, F8 (Flyball, 8RD, EV 94.4 MPH)
|
| Top of the 3rd over - 0 runs, 0 hits, 0 errors, 1 left on base; Charlotte 0 - Norfolk 0 |
| BOTTOM OF THE 3RD |
|
Norfolk Tides batting - Pitching for Charlotte Knights : LHP Josh Turner
|
|
Batting: RHB Bobby Scholl
|
0-0: Called Strike 0-1: Ball 1-1: Called Strike 1-2: SOLO HOME RUN (Flyball, 7LD, EV 93.8 MPH), Distance : 352 ft
|
|
Batting: SHB Marvin Garcia
|
0-0: Swinging Strike 0-1: Foul Ball, location: 2F 0-2: Foul Ball, location: 2F 0-2: Strikes out swinging
|
|
Batting: RHB John Gray
|
0-0: Ground out 6-3 (Groundball, 6, EV 84.4 MPH)
|
|
Batting: SHB Ben Pierce
|
0-0: Ball 1-0: Foul Ball, location: 2F 1-1: Foul Ball, location: 2F 1-2: Ball 2-2: Strikes out looking
|
| Bottom of the 3rd over - 1 run, 1 hit, 0 errors, 0 left on base; Charlotte 0 - Norfolk 1 |
| TOP OF THE 4TH |
|
Charlotte Knights batting - Pitching for Norfolk Tides : RHP John Piccola
|
|
Batting: LHB John Thurman
|
0-0: Ball 1-0: Called Strike 1-1: Ball 2-1: SINGLE (Groundball, 4MD, EV 109.4 MPH)
|
|
Batting: LHB Larry Myers
|
0-0: Ball 1-0: Swinging Strike 1-1: Foul Ball, location: 2F 1-2: Fly out, F9 (Flyball, 9, EV 76.9 MPH)
|
|
Batting: LHB Matt Hyde
|
0-0: Fielders Choice at 2nd, 2-6 (Groundball, 13S, EV 67.5 MPH)
|
|
Batting: RHB Mike Warzecha
|
0-0: Ball 1-0: Ball 2-0: Called Strike 2-1: Foul Ball, location: 2F 2-2: Ball 3-2: SINGLE (Groundball, 3D, EV 109.4 MPH) Matt Hyde to second Matt Hyde to third
|
|
Batting: RHB Micah Brown
|
0-0: Swinging Strike Passed Ball! Matt Hyde scores Mike Warzecha to second 0-1: Ground out 4-3 (Groundball, 4, EV 82.5 MPH)
|
| Top of the 4th over - 1 run, 2 hits, 0 errors, 1 left on base; Charlotte 1 - Norfolk 1 |
| BOTTOM OF THE 4TH |
|
Norfolk Tides batting - Pitching for Charlotte Knights : LHP Josh Turner
|
|
Batting: RHB Michel Kamphuis
|
0-0: Called Strike 0-1: Swinging Strike 0-2: Strikes out looking
|
|
Batting: RHB Ken Jenkins
|
0-0: Called Strike 0-1: Ball 1-1: Called Strike 1-2: Ball 2-2: Ball 3-2: Ground out 6-3 (Groundball, 6, EV 77.5 MPH)
|
|
Batting: RHB Mike Hayward
|
0-0: Ball 1-0: Foul Ball, location: 2F 1-1: Ball 2-1: Swinging Strike 2-2: Foul Ball, location: 2F 2-2: Ball 3-2: Foul Ball, location: 2F 3-2: Strikes out looking
|
| Bottom of the 4th over - 0 runs, 0 hits, 0 errors, 0 left on base; Charlotte 1 - Norfolk 1 |
| TOP OF THE 5TH |
|
Charlotte Knights batting - Pitching for Norfolk Tides : RHP John Piccola
|
|
Batting: RHB Jose Medina
|
0-0: Called Strike 0-1: Called Strike 0-2: Ball 1-2: Ball 2-2: Strikes out swinging
|
|
Batting: RHB John Iddings
|
0-0: Called Strike 0-1: Ball 1-1: Fly out, F7 (Flyball, 7, EV 95.6 MPH)
|
|
Batting: LHB Dustin Taylor
|
0-0: Ball 1-0: Ball 2-0: Ball 3-0: Base on Balls
|
|
Batting: LHB Angel Tellez
|
0-0: Ball Dustin Taylor is caught stealing 2nd base 2-6
|
| Top of the 5th over - 0 runs, 0 hits, 0 errors, 0 left on base; Charlotte 1 - Norfolk 1 |
| BOTTOM OF THE 5TH |
|
Norfolk Tides batting - Pitching for Charlotte Knights : LHP Josh Turner
|
|
Batting: RHB Kory Sanchez
|
0-0: Ground out 4-3 (Groundball, 4, EV 80.6 MPH)
|
|
Batting: RHB Mario Saez
|
0-0: Ball 1-0: Called Strike 1-1: Ball 2-1: Called Strike 2-2: Foul Ball, location: 2F 2-2: Ball 3-2: Base on Balls
|
|
Batting: RHB Bobby Scholl
|
0-0: Ball 1-0: Swinging Strike 1-1: Swinging Strike 1-2: Ball 2-2: Strikes out swinging
|
|
Batting: SHB Marvin Garcia
|
0-0: Called Strike 0-1: Foul Ball, location: 2F 0-2: Ball 1-2: Fly out, F8 (Line Drive, 8RD, EV 93.1 MPH)
|
| Bottom of the 5th over - 0 runs, 0 hits, 0 errors, 1 left on base; Charlotte 1 - Norfolk 1 |
| TOP OF THE 6TH |
|
Charlotte Knights batting - Pitching for Norfolk Tides : RHP John Piccola
|
|
Batting: LHB Angel Tellez
|
0-0: Swinging Strike 0-1: Called Strike 0-2: Ball 1-2: Strikes out swinging
|
|
Batting: LHB John Thurman
|
0-0: Ball 1-0: Ball 2-0: Ground out U3 (Groundball, 34, EV 80.6 MPH)
|
|
Batting: LHB Larry Myers
|
0-0: Called Strike 0-1: Ball 1-1: Ball 2-1: SINGLE (Groundball, 4, EV 95.0 MPH)
|
|
Batting: LHB Matt Hyde
|
0-0: Ball 1-0: Ball 2-0: Ground out U3 (Groundball, 3, EV 103.8 MPH)
|
| Top of the 6th over - 0 runs, 1 hit, 0 errors, 1 left on base; Charlotte 1 - Norfolk 1 |
| BOTTOM OF THE 6TH |
|
Norfolk Tides batting - Pitching for Charlotte Knights : LHP Josh Turner
|
|
Batting: RHB John Gray
|
0-0: Ball 1-0: DOUBLE (Line Drive, 78D, EV 109.4 MPH)
|
|
Batting: SHB Ben Pierce
|
0-0: Swinging Strike 0-1: Swinging Strike 0-2: Strikes out looking
|
|
Batting: RHB Michel Kamphuis
|
0-0: Ball 1-0: Called Strike 1-1: Ball 2-1: Ground out 5-3 (Groundball, 56S, EV 90.6 MPH)
|
|
Batting: RHB Ken Jenkins
|
0-0: Ball 1-0: Called Strike 1-1: Called Strike 1-2: Strikes out looking
|
| Bottom of the 6th over - 0 runs, 1 hit, 0 errors, 1 left on base; Charlotte 1 - Norfolk 1 |
| TOP OF THE 7TH |
|
Charlotte Knights batting - Pitching for Norfolk Tides : RHP John Piccola
|
|
Pitching: RHP Corey Rizzuto
|
|
|
Batting: RHB Mike Warzecha
|
0-0: Called Strike 0-1: Fly out, F4 (Line Drive, 4M, EV 64.4 MPH)
|
|
Batting: RHB Micah Brown
|
0-0: Foul Ball, location: 2F 0-1: Foul Ball, location: 2F 0-2: Ball 1-2: Foul Ball, location: 2F 1-2: Ball 2-2: Ground out 6-3 (Groundball, 6, EV 85.0 MPH)
|
|
Batting: RHB Jose Medina
|
0-0: Ball 1-0: Foul Ball, location: 2F 1-1: Swinging Strike 1-2: Strikes out swinging
|
| Top of the 7th over - 0 runs, 0 hits, 0 errors, 0 left on base; Charlotte 1 - Norfolk 1 |
| BOTTOM OF THE 7TH |
|
Norfolk Tides batting - Pitching for Charlotte Knights : LHP Josh Turner
|
|
Batting: RHB Mike Hayward
|
0-0: Foul Ball, location: 2F 0-1: Swinging Strike 0-2: Strikes out swinging
|
|
Batting: RHB Kory Sanchez
|
0-0: Ball 1-0: Ball 2-0: Ball 3-0: Called Strike 3-1: Base on Balls
|
|
Pitching: RHP Jesus Griego
|
|
|
Batting: RHB Mario Saez
|
0-0: Called Strike Kory Sanchez is caught stealing 2nd base 2-4 0-1: Ground out 6-3 (Groundball, 6, EV 83.8 MPH)
|
| Bottom of the 7th over - 0 runs, 0 hits, 0 errors, 0 left on base; Charlotte 1 - Norfolk 1 |
| TOP OF THE 8TH |
|
Charlotte Knights batting - Pitching for Norfolk Tides : RHP Corey Rizzuto
|
|
Pinch Hitting: SHB Eduardo Maldonado
|
0-0: Ball 1-0: Fly out, F9 (Flyball, 9, EV 85.0 MPH)
|
|
Batting: LHB Dustin Taylor
|
0-0: Foul Ball, location: 2F 0-1: Ball 1-1: Ground out 6-3 (Groundball, 6M, EV 84.4 MPH)
|
|
Batting: LHB Angel Tellez
|
0-0: Called Strike 0-1: Foul Ball, location: 2F 0-2: Ball 1-2: Ball 2-2: SINGLE (Line Drive, 7S, EV 93.8 MPH)
|
|
Batting: LHB John Thurman
|
0-0: Ball 1-0: Ball Angel Tellez steals 2nd base 2-0: SINGLE (Groundball, 34D, EV 103.8 MPH) Angel Tellez to third Runner from 3rd tries for Home, SAFE, throw by RF to home
|
|
Batting: LHB Larry Myers
|
0-0: Ball John Thurman steals 2nd, throwing error, E2 John Thurman to third 1-0: Intentional Walk
|
|
Batting: LHB Matt Hyde
|
0-0: Swinging Strike 0-1: Called Strike 0-2: Ground out U3 (Groundball, 3, EV 90.6 MPH)
|
| Top of the 8th over - 1 run, 2 hits, 1 error, 2 left on base; Charlotte 2 - Norfolk 1 |
| BOTTOM OF THE 8TH |
|
Norfolk Tides batting - Pitching for Charlotte Knights : RHP Jesus Griego
|
|
Now at SS: Ching-hsia Zhang
|
|
|
Batting: RHB Bobby Scholl
|
0-0: Ball 1-0: Foul Ball, location: 2F 1-1: Swinging Strike 1-2: Ball 2-2: Ball 3-2: Foul Ball, location: 2F 3-2: Foul Ball, location: 2F 3-2: Base on Balls
|
|
Batting: SHB Marvin Garcia
|
0-0: Bunt missed! 0-1: Sac Bunt to 15 - play at first, batter OUT! 1-3 Bobby Scholl to second
|
|
Pinch Hitting: LHB Johan de Vries
|
0-0: Ball 1-0: Swinging Strike 1-1: Ball 2-1: Foul Ball, location: 2F 2-2: Fly out, F9 (Flyball, 9, EV 88.1 MPH) Runner from 2nd tags up, SAFE at 3rd with throw by RF
|
|
Batting: SHB Ben Pierce
|
0-0: Ball 1-0: Ball 2-0: Ball 3-0: Called Strike 3-1: Base on Balls
|
|
Pinch Hitting: LHB Ben Rubenacker
|
0-0: Swinging Strike 0-1: SINGLE (Line Drive, 56, EV 100.0 MPH) Bobby Scholl scores Ben Pierce to second
|
|
Pinch Runner at 2nd Longfellow Wetzler:
|
|
|
Pinch Hitting: SHB Brian Bentz
|
0-0: Ball 1-0: Ground out 4-3 (Groundball, 34D, EV 102.5 MPH)
|
| Bottom of the 8th over - 1 run, 1 hit, 0 errors, 2 left on base; Charlotte 2 - Norfolk 2 |
| TOP OF THE 9TH |
|
Charlotte Knights batting - Pitching for Norfolk Tides : RHP Corey Rizzuto
|
|
Pitching: RHP Aaron Schneider
|
|
|
Now at 1B: Ben Rubenacker
|
|
|
Now at 2B: Johan de Vries
|
|
|
Now in LF: Mike Hayward
|
|
|
Now in CF: Tyler Allen
|
|
|
Now in RF: Mario Saez
|
|
|
Batting: RHB Mike Warzecha
|
0-0: Called Strike 0-1: Called Strike 0-2: Strikes out swinging
|
|
Pinch Hitting: LHB Alberto Carrasco
|
0-0: Ball 1-0: Called Strike 1-1: Ball 2-1: Ground out 4-3 (Groundball, 34D, EV 86.2 MPH)
|
|
Pinch Hitting: RHB Brad Boals
|
0-0: Ball 1-0: Called Strike 1-1: Fly out, F9 (Line Drive, 89M, EV 89.4 MPH)
|
| Top of the 9th over - 0 runs, 0 hits, 0 errors, 0 left on base; Charlotte 2 - Norfolk 2 |
| BOTTOM OF THE 9TH |
|
Norfolk Tides batting - Pitching for Charlotte Knights : RHP Jesus Griego
|
|
Pitching: RHP Tommy Benedict
|
|
|
Now at C: Jamie Youngs
|
|
|
Now at 3B: John DeVillier
|
|
|
Batting: RHB Mike Hayward
|
0-0: Ball 1-0: Foul Ball, location: 2F 1-1: SINGLE (Groundball, 6MS, EV 66.2 MPH) (infield hit)
|
|
Batting: RHB Kory Sanchez
|
0-0: Ball 1-0: Ball 2-0: Foul Ball, location: 2F 2-1: Foul Ball, location: 2F 2-2: Foul Ball, location: 2F 2-2: Grounds into double play, 3-6-3 (Groundball, 3, EV 103.1 MPH)
|
|
Batting: RHB Mario Saez
|
0-0: Ball 1-0: Ball 2-0: Called Strike 2-1: Ball 3-1: Base on Balls
|
|
Batting: RHB Bobby Scholl
|
0-0: SINGLE (Groundball, 4MD, EV 103.1 MPH) Mario Saez to second
|
|
Pinch Runner at 2nd Jose Chinchilla:
|
|
|
Batting: SHB Marvin Garcia
|
0-0: Ball 1-0: Called Strike 1-1: Ball 2-1: Ball 3-1: Base on Balls Jose Chinchilla to third Bobby Scholl to second
|
|
Batting: LHB Johan de Vries
|
0-0: Called Strike 0-1: Foul Ball, location: 2F 0-2: Ball 1-2: Ball 2-2: Ball 3-2: Base on Balls Jose Chinchilla scores Bobby Scholl to third Marvin Garcia to second
|
| Bottom of the 9th over - 1 run, 2 hits, 0 errors, 3 left on base; Charlotte 2 - Norfolk 3 |
|